 Dungeon Crawl Stone Soup version 0.17.0-28-g6e173f8 (webtiles) character file.

46 dohliylev the Sneak (level 3, 0/27 HPs)
             Began as a Vampire Assassin on Nov 23, 2015.
             Was an Initiate of Makhleb.
             Slain by an adder (4 damage)
             ... on level 2 of the Dungeon.
             The game lasted 00:09:25 (1058 turns).

dohliylev the Sneak (Vampire Assassin)              Turns: 1058, Time: 00:09:26

Health: 0/27       AC:  3    Str: 10    XL:     3   Next: 46%
Magic:  3/3        EV: 12    Int: 13    God:    Makhleb [......]
Gold:   78         SH:  0    Dex: 16    Spells: 0 memorised, 3 levels left

rFire  . . .     SeeInvis +     a - +2 dagger
rCold  . . .     Clarity  .     c - +0 robe
rNeg   + . .     SustAt   .     (no shield)
rPois  .         Gourm    .     (no helmet)
rElec  .         Spirit   .     d - +0 cloak
rCorr  .         Warding  .     (no gloves)
rMut   .         Stasis   .     (no boots)
MR     .....                    (no amulet)
Stlth  ++++......               (no ring)
                                (no ring)

@: not resistant to hostile enchantments, stealthy
A: fangs 3, see invisible, unbreathing
a: Bat Form, Renounce Religion


You were on level 2 of the Dungeon.
You worshipped Makhleb.
Makhleb was noncommittal.
You were not thirsty.

You visited 1 branch of the dungeon, and saw 2 of its levels.

You collected 78 gold pieces.

Inventory:

Hand Weapons
 a - a +2 dagger (weapon)
 b - a +0 blowgun
Missiles
 e - 7 poisoned needles
 f - 2 curare-tipped needles
Armour
 c - a +0 robe (worn)
 d - a +0 cloak (worn)
Jewellery
 m - a cursed ring of teleportation {unknown}
Scrolls
 h - 4 scrolls of identify {unknown}
 i - a scroll of blinking {unknown}
 j - a scroll of magic mapping {unknown}
 l - a scroll of fog {unknown}
Potions
 g - 13 potions of blood
 k - a potion of ambrosia {unknown}


   Skills:
 + Level 1.7 Fighting
 + Level 2.2 Short Blades
 * Level 1.7 Throwing
 + Level 1.1 Dodging
 * Level 7.6 Stealth
 * Level 0.5 Spellcasting


You had 3 spell levels left.
You didn't know any spells.

Dungeon Overview and Level Annotations

Branches:
Dungeon (2/15)

Altars:
Makhleb
Zin


Innate Abilities, Weirdness & Mutations

You have razor-sharp teeth.
You have supernaturally acute eyesight.
You can survive without breathing.


Message History

You barely miss the adder. The adder bites you but does no damage.
You closely miss the adder. The adder bites you but does no damage.
You completely miss the adder. Your bite misses the adder.
The adder barely misses you.
You hit the adder.
The adder is heavily wounded.
The adder closely misses you. The adder bites you.
* * * LOW HITPOINT WARNING * * *
You hit the adder.
The adder is almost dead.
The adder barely misses you.
The kobold throws a stone.
The stone closely misses you.
You hit the adder but do no damage. Your bite misses the adder.
The adder is almost dead.
The adder bites you but does no damage.
The kobold throws a stone.
The stone misses you.
You hit the adder. Your bite misses the adder.
The adder is almost dead.
The adder bites you.
You die...

.##.#.................## ###.....
.............K.........# ....8..
.....................### ........
.....................###.>...###.
..........(............#...## #
..<..................######
...............)..#....##
........#####..S..#.....####
....... #..##@..###.....##
#######.####.####...........###
...# #......# ####..........##
##.# #####.### #...........#.
#.## ####...# #...........#. #..#
#A####.# #...........#. ##.#
##### #.# #.............
#(###._.###.# #.....<....#..
#...#...#...# #..........#.#


You could see an adder and a kobold.

Vanquished Creatures
  An adder (D:2)
  2 worms (D:2)
  6 giant cockroaches
  3 goblins
  4 hobgoblins
  2 quokkas (D:2)
  5 bats
  4 giant newts
  2 kobolds (D:1)
  4 rats (D:1)
33 creatures vanquished.

Notes
Turn   | Place    | Note
--------------------------------------------------------------
     0 | D:1      | dohliylev the Vampire Assassin began the quest for the Orb.
     0 | D:1      | Reached XP level 1. HP: 16/16 MP: 1/1
   104 | D:1      | Reached skill level 6 in Stealth
   270 | D:1      | Reached XP level 2. HP: 19/22 MP: 2/2
   670 | D:2      | Reached skill level 7 in Stealth
   701 | D:2      | Reached XP level 3. HP: 20/27 MP: 3/3
   992 | D:2      | Found a burning altar of Makhleb.
   992 | D:2      | Found a glowing silver altar of Zin.
   993 | D:2      | Noticed an angel
   993 | D:2      | Noticed an Executioner
  1002 | D:2      | Became a worshipper of Makhleb the Destroyer
  1058 | D:2      | Slain by an adder

Action                   || total
-------------------------++-------
Melee: Dagger            ||    67
 Fire: Blowgun           ||    20
 Stab: Sleeping          ||    13
       Distracted        ||     1
